 Dungeon Crawl Stone Soup version 0.20-a0-871-g785f14b (webtiles) character file.

24735 4thArraOfDagon the Nimble (level 12, -1/74 HPs)
             Began as a Felid Wanderer on Mar 14, 2017.
             Was the Champion of Wu Jian.
             Killed from afar by a deep elf mage (12 damage)
             ... with a sticky flame
             ... on level 3 of the Elven Halls.
             The game lasted 01:36:39 (11737 turns).

4thArraOfDagon the Nimble (Felid Wanderer)         Turns: 11737, Time: 01:36:40

Health: -1/74      AC: 28    Str:  9    XL:     12   Next: 83%
Magic:  28/33      EV: 30    Int: 25    God:    Wu Jian [******]
Gold:   618        SH:  0    Dex: 17    Spells: 20/31 levels left
                                        Lives:  0   Deaths: 4

rFire    . . .     SeeInvis +     - Unarmed
rCold    . . .     Gourm    .   (armour unavailable)
rNeg     + + .     Faith    .   (shield unavailable)
rPois    ∞         Spirit   .   (helmet unavailable)
rElec    +         Reflect  .   (cloak unavailable)
rCorr    .         Harm     .   (gloves unavailable)
MR       +++..                  (boots unavailable)
Stlth    +++.......             A - amulet of regeneration
Regen    0.7/turn               I - +3 ring of slaying
MPRegen  0.3/turn               r - ring of Birdsong {rN+ MP+9 Int+5}

@: liquid flames, statue-form, glowing, very slow
A: no armour, no weapons or thrown items, stealth, claws 1, fangs 3, horns 1,
see invisible, agile 1, blink, carnivore 3, clever 1, (speed 0), low mp 1, magic
resistance 2, (shaggy fur 0), slow metabolism 1, wild magic 1, sharp paws
a: End Transformation, Blink, Serpent's Lash, Heaven On Earth, Renounce Religion


You were on level 3 of the Elven Halls.
You worshipped Wu Jian.
Wu Jian was exalted by your worship.
You were not hungry.
You were a stone statue.
You visited 5 branches of the dungeon, and saw 27 of its levels.
You also visited: Labyrinth and Sewer.

You collected 1918 gold pieces.
You spent 1300 gold pieces at shops.

Inventory:

Jewellery
 h - an uncursed ring of protection from cold
 r - the ring of Birdsong (left paw) {rN+ MP+9 Int+5}
   (You found it on level 11 of the Dungeon)

   [ring of magical power]

   It affects your intelligence (+5).
   It protects you from negative energy.
   It affects your magic capacity (+9).
 u - an uncursed ring of resist corrosion
 x - an uncursed ring of flight
 y - the amulet "Poun" {Reflect rPois rF- Str+3 Dex+5 SH+5}
   (You found it on level 7 of the Dungeon)

   [amulet of reflection]

   It shields you and reflects attacks.
   It affects your strength (+3).
   It affects your dexterity (+5).
   It makes you vulnerable to fire.
   It protects you from poison.
   It affects your SH (+5).
 A - an amulet of regeneration (around neck)
 I - a +3 ring of slaying (right paw)
 J - an uncursed ring of protection from fire
 N - an uncursed ring of stealth
 O - the ring of Midwinter {Ice MR+ Str+4}
   (You took it off a crimson imp on level 11 of the Dungeon)

   [ring of ice]

   It enhances your ice magic.
   It affects your strength (+4).
   It makes you vulnerable to fire.
   It protects you from cold.
   It affects your resistance to hostile enchantments.
 X - an uncursed ring of protection from fire
Wands
 g - a wand of acid (3/15)
 p - a wand of clouds (4/9)
 v - a wand of random effects (30/48)
 B - a wand of acid (1/15)
 Q - a wand of confusion (12/48)
 S - a wand of scattershot (1/9)
 W - a wand of digging (4/24)
 Z - a wand of iceblast (2/15)
Scrolls
 b - 7 scrolls of remove curse
 l - 3 scrolls of immolation
 m - 4 scrolls of identify
 q - 8 scrolls of recharging
 s - 8 scrolls of enchant weapon {unknown}
 w - a scroll of amnesia
 D - 2 scrolls of fear
 F - 2 scrolls of noise
 H - 2 scrolls of torment
 K - a scroll of fog
 L - a scroll of holy word
 R - 2 scrolls of teleportation
 U - a scroll of blinking
Potions
 c - 2 potions of brilliance
 f - 2 potions of magic
 i - a potion of haste
 j - 4 potions of might
 k - 3 potions of lignification
 o - 6 potions of flight
 t - 3 potions of curing
 z - a potion of agility
 G - 2 potions of cancellation
 P - a potion of invisibility
 Y - a potion of ambrosia
Books
 e - a book of the Earth

   Spells                             Type                      Level
   a - Leda's Liquefaction            Hexes/Earth                  4
   b - Bolt of Magma                  Conjuration/Fire/Earth       5
   c - Statue Form                    Transmutation/Earth          6
   d - Iron Shot                      Conjuration/Earth            6
   e - Shatter                        Earth                        9
Miscellaneous
 a - a lamp of fire
 C - a box of beasts
 E - a phial of floods
 M - a sack of spiders
 T - a lightning rod (4/4)
Comestibles
 d - 6 meat rations
 n - 4 royal jellies


   Skills:
 - Level 9.4 Fighting
 - Level 14.1 Dodging
 - Level 13.6 Stealth
 - Level 14.0 Unarmed Combat
 + Level 10.0 Spellcasting
 - Level 10.3 Transmutations
 - Level 9.0 Earth Magic
 - Level 3.1 Evocations


You had 20 spell levels left.
You knew the following spells:

 Your Spells              Type           Power        Failure   Level  Hunger
a - Statue Form           Tmut/Erth      ######...    24%         6    #####..
b - Blade Hands           Tmut           ######....   3%          5    ####...


Dungeon Overview and Level Annotations

Branches:
Dungeon (15/15)              Lair (6/6) D:9           Swamp (1/4) Lair:2
 Spider (0/4) Lair:2        Slime (0/5) Lair:6          Orc (2/2) D:12
    Elf (3/3) Orc:2        Depths (0/5) D:15
 Temple: D:4-7       Vaults: D:13-14

Altars:
Makhleb
Nemelex Xobeh
Okawaru
Sif Muna
Trog
Wu Jian
Zin
The Shining One
Beogh
Jiyva

Shops:
D:5 :   Orc:2 %:!=*   Elf:3 ?}

Portals:
Hell: Lair:6
Trove: Elf:2 (give 17 scrolls of teleportation)

Annotations:
D:8 Grum
D:14 Snorg
Lair:6 exclusion: oklob plant
Elf:2 5 runed doors


Innate Abilities, Weirdness & Mutations

You cannot wear armour.
You are incapable of wielding weapons or throwing items.
Your paws allow you to move quietly. (Stealth)
You have sharp claws.
You have razor-sharp teeth.
You have supernaturally acute eyesight. (SInv)
You are carnivorous and can eat meat at any time.
((You cover ground quickly.))
((Your thick and shaggy fur keeps you warm. (AC +3, rC+)))
You have a slow metabolism.
Your sharp claws are effective at attacking unaware monsters.
You have a pair of small horns on your head.
You are agile. (Dex +2)
You can translocate small distances at will.
Your mind is acute. (Int +2)
Your magical capacity is low. (-10% MP)
You are highly resistant to hostile enchantments. (MR++)
Your spells are a little harder to cast, but a little more powerful.


Message History

The deep elf mage barely misses you.
The deep elf archer blinks!
Unknown command.
Unknown command.
You miss the deep elf knight. Your claw misses the deep elf knight.
You bite the deep elf knight!
The deep elf knight is lightly wounded.
You are covered in liquid flames!
The deep elf mage completely misses you.
The deep elf archer shoots an arrow.
The arrow hits you!!
The deep elf knight hits you with a long sword.
Unknown command.
You mangle the deep elf knight!! You headbutt the deep elf knight!
The deep elf knight is almost dead.
You are covered in liquid flames!
The deep elf archer shoots an arrow.
The arrow hits you!!
* * * LOW HITPOINT WARNING * * *
The deep elf mage gestures at you while chanting.
The sticky flame hits you!
You are covered in liquid flames!
You die...

#######
.....+
#e)e+ #8.#
.....
#.(#......
#e.#......
#..#.....
##''#.....
##.....#
##......#
#.......+
.......#
+.......#


You could see a deep elf archer, a deep elf knight and a deep elf mage.

Vanquished Creatures
  A deep elf sorcerer (Elf:3)
  Nessos (Lair:5)
  3 deep elf demonologists (Elf:3)
  A deep elf annihilator (Elf:3)
  3 deep elf death magi
  A minotaur (Lab)
  3 deep elf high priests
  Fannar (Lair:2)
  A great orb of eyes (D:15)
  6 hydras
  A centaur warrior (D:14)
  A deep troll earth mage (D:11)
  3 two-headed ogres
  7 dancing weapons
  Urug (D:11)
  5 deep elf knights (Elf:2)
  A small abomination (Elf:3)
  4 unseen horrors
  6 deep elf archers (Elf:2)
  A wizard (Lair:6)
  3 orc knights
  25 deep elf magi
  An ugly thing (D:11)
  A shining eye (shapeshifter) (D:11)
  A cyclops (D:12)
  4 elephants
  3 black mambas
  2 centaur zombies
  A smoke demon (Lair:6)
  3 orange demons (Lair:6)
  13 spiny frogs
  An ice devil (Lair:6)
  6 rime drakes (Lair:6)
  A kobold demonologist (D:11)
  5 komodo dragons
  A troll (shapeshifter) (D:15)
  A red devil (Lair:6)
  3 trolls
  A jumping spider (shapeshifter) (Elf:3)
  2 polar bears
  A slime creature (D:13)
  9 hippogriffs
  16 blink frogs (Lair:6)
  A redback (Lair:2)
  An air elemental (Elf:1)
  A shadow (D:14)
  A water elemental (Elf:1)
  25 yaks
  4 wyverns
  3 wraiths
  9 basilisks
  A fire elemental (Lair:3)
  A steam dragon (Lair:4)
  9 vampire mosquitoes
  A warg (Orc:2)
  2 soldier ants
  4 hell hounds (Lair:6)
  12 water moccasins
  9 porcupines
  A swamp drake (Swamp:1)
  28 orc warriors
  3 ice beasts
  A hornet zombie (D:14)
  An eye of draining (D:9)
  2 sky beasts
  9 ogres
  12 centaurs
  10 crocodiles
  8 big kobolds
  3 earth elementals
  10 bullfrogs
  2 scorpions
  A wyvern skeleton (D:9)
  7 killer bees (D:13)
  5 wights
  A troll skeleton (Lab)
  2 howler monkeys
  7 crimson imps
  2 electric eels (Lair:1)
  4 hounds
  A bullfrog zombie (D:12)
  2 jellies
  12 orc priests
  A bullfrog skeleton (D:10)
  5 centaur skeletons
  Jessica (D:2)
  5 iguanas
  16 orc wizards
  9 worker ants
  A hound zombie (D:11)
  8 adders
  7 river rats (Sewer)
  4 shadow imps
  12 white imps (Lair:1)
  4 oozes
  2 adder zombies
  An adder skeleton (D:7)
  A dart slug (D:4)
  A worm (D:4)
  A leopard gecko (D:11)
  47 orcs
  2 ball pythons (Sewer)
  5 giant cockroaches
  2 hobgoblins
  13 jackals
  A quokka (D:6)
  3 bats
  4 frilled lizards
  4 goblins
  32 kobolds
  A quokka zombie (D:6)
  19 rats
  A fungus (Lair:6)
586 creatures vanquished.

Vanquished Creatures (others)
  A wizard (D:11)
  3 orc warriors (Orc:2)
  2 orcs (Orc:2)
  A bush (Lair:6)
  4 fungi (Lair:6)
  4 plants
15 creatures vanquished.

Grand Total: 601 creatures vanquished

Notes
Turn   | Place    | Note
-------+----------+-------------------------------------------
     0 | D:1      | 4thArraOfDagon the Felid Wanderer began the quest for the Orb.
     0 | D:1      | 4thArraOfDagon set off with: a lamp of fire, a potion of curing, a potion of lignification, a meat ration
     0 | D:1      | Reached XP level 1. HP: 10/10 MP: 2/2
   105 | D:1      | Reached skill level 1 in Dodging
   166 | D:2      | Noticed Jessica
   168 | D:2      | Found a sparkling altar of Nemelex Xobeh.
   169 | D:2      | Killed Jessica
   169 | D:2      | Reached XP level 2. HP: 14/14 MP: 3/3
   169 | D:2      | Reached XP level 3. HP: 17/17 MP: 4/4
   606 | D:4      | Reached XP level 4. HP: 21/21 MP: 5/5
   611 | D:4      | Reached skill level 5 in Dodging
   620 | D:4      | Reached XP level 5. HP: 24/24 MP: 6/6
   884 | D:5      | Entered Level 5 of the Dungeon
   896 | D:5      | Found Subleoxu's Book Boutique.
   954 | D:5      | Noticed an ogre
   962 | D:5      | Killed an ogre
   962 | D:5      | Gained mutation: You are covered in thick fur. (AC +2) [Felid growth]
   962 | D:5      | Reached XP level 6. HP: 28/28 MP: 6/8
  1071 | D:6      | Found an ornate altar of the Wu Jian Council.
  1074 | D:6      | Became a worshipper of the Wu Jian Council
  1122 | D:6      | Noticed an orc warrior
  1210 | D:6      | Reached XP level 7. HP: 14/31 MP: 9/9
  1354 | D:6      | Found a glowing drain.
  1363 | Sewer    | Entered a sewer
  1386 | Sewer    | Reached * piety under Wu Jian
  1574 | Sewer    | Reached ** piety under Wu Jian
  1649 | Sewer    | Reached XP level 8. HP: 34/34 MP: 11/11
  1652 | Sewer    | Reached skill level 5 in Stealth
  1705 | Sewer    | Sapher: it is much much much more efficient for turncount to move around enemies
  1815 | D:7      | Found a deep blue altar of Sif Muna.
  1815 | D:7      | Found a glowing golden altar of the Shining One.
  1816 | D:7      | Found a bloodstained altar of Trog.
  1825 | D:7      | Noticed a hippogriff
  1839 | D:7      | Killed a hippogriff
  1889 | D:7      | Sapher: 1 move around = 1.5 attacks
  1933 | D:7      | Got a brightly glowing pewter amulet
  1935 | D:7      | Identified the amulet "Poun" {Reflect rPois rF- Str+3 Dex+5 SH+5} (You found it on level 7 of the Dungeon)
  1936 | D:7      | Sapher: or even more if more than 1 enemie
  1966 | D:7      | 4thArraOfDagon: hm,,m
  1966 | D:7      | 4thArraOfDagon: what is 'moving' damage output?
  1966 | D:7      | Sapher: same as tabbing
  1966 | D:7      | 4thArraOfDagon: 100% weapon dmg?
  1966 | D:7      | 4thArraOfDagon: o ok
  1966 | D:7      | 4thArraOfDagon: great
  1972 | D:7      | Sapher: but moving around can cause slow
  1979 | D:7      | Sapher: so a bit netter
  1983 | D:7      | Sapher: better
  1992 | D:7      | Sapher: but not much
  2154 | D:8      | Noticed a two-headed ogre
  2163 | D:8      | Killed a two-headed ogre
  2163 | D:8      | Reached XP level 9. HP: 17/39 MP: 12/12
  2196 | D:8      | Found an iron altar of Okawaru.
  2197 | D:8      | Noticed Grum
  2248 | D:8      | Reached skill level 10 in Dodging
  2283 | D:10     | Entered Level 10 of the Dungeon
  2356 | D:10     | Reached skill level 5 in Fighting
  2359 | D:10     | Reached *** piety under Wu Jian
  2361 | D:10     | Sapher: but Wu works bad with statue form...
  2362 | D:10     | HP: 2/40 [yak (14)]
  2564 | D:10     | 4thArraOfDagon: yea i imagine
  2564 | D:10     | 4thArraOfDagon: so overall
  2564 | D:10     | 4thArraOfDagon: transmut needing chars like felid are bad
  2620 | D:10     | Noticed an unseen horror
  2621 | D:10     | Killed an unseen horror
  2656 | D:10     | Noticed a troll
  2674 | D:10     | Killed a troll
  2674 | D:10     | Reached XP level 10. HP: 15/45 MP: 13/13
  2783 | D:10     | Sapher: yea, but Wu is very good for speedruns
  2794 | D:10     | Sapher: just not with statue form...
  2887 | D:11     | Noticed Urug
  2893 | D:11     | Killed Urug
  2893 | D:11     | Reached skill level 10 in Unarmed Combat
  3043 | D:11     | Noticed a deep elf high priest
  3050 | D:11     | Killed a deep elf high priest
  3050 | D:11     | Reached skill level 10 in Stealth
  3061 | D:11     | Sapher: if you have 27 unarmed and you are a normal char and move with 10 speed you will do 2 attacks a turn...
  3068 | D:11     | Got a warped iron ring
  3070 | D:11     | Identified the ring of Birdsong {rN+ MP+9 Int+5} (You found it on level 11 of the Dungeon)
  3073 | D:11     | Sapher: for free...with Wu
  3239 | D:14     | Noticed a centaur warrior
  3240 | D:14     | Sapher: you need to move in a straight line to an enemy for a lounge to work
  3244 | D:14     | Killed a centaur warrior
  3250 | D:14     | Reached XP level 11. HP: 50/50 MP: 14/14
  3255 | D:14     | Sapher: it is very good vs sleeping
  3303 | D:14     | Sapher: and like normal tabbing vs others
  3319 | D:14     | Noticed a rakshasa
  3369 | D:14     | Reached **** piety under Wu Jian
  3431 | D:15     | Entered Level 15 of the Dungeon
  3434 | D:15     | Noticed a four-headed hydra
  3458 | D:15     | Killed a four-headed hydra
  3596 | D:14     | Noticed Snorg
  3598 | D:14     | Noticed an orc knight
  3683 | D:15     | Noticed a great orb of eyes
  3686 | D:15     | Killed a great orb of eyes
  3715 | D:15     | Noticed a frost giant
  3908 | D:14     | Noticed an unseen horror
  3909 | D:14     | Noticed a vault guard
  3909 | D:14     | Noticed a vault guard
  3910 | D:14     | Noticed a vault guard
  3920 | D:14     | Killed an unseen horror
  3996 | D:13     | Gained mutation: Your flesh is cold resistant. (rC+) [potion of mutation]
  3996 | D:13     | Gained mutation: Your spells are a little harder to cast, but a little more powerful. [potion of mutation]
  3996 | D:13     | Gained mutation: You can translocate small distances at will. [potion of mutation]
  3996 | D:13     | Gained mutation: You are agile. (Dex +2) [potion of mutation]
  3997 | D:13     | Lost mutation: Your flesh is cold resistant. (rC+) [potion of mutation]
  3997 | D:13     | Gained mutation: Your magical capacity is low. (-10% MP) [potion of mutation]
  3997 | D:13     | Gained mutation: You are resistant to hostile enchantments. (MR+) [potion of mutation]
  3997 | D:13     | Gained mutation: Your mind is acute. (Int +2) [potion of mutation]
  3997 | D:13     | Gained mutation: You are highly resistant to hostile enchantments. (MR++) [potion of mutation]
  4150 | D:13     | Noticed an unseen horror
  4155 | D:13     | Killed an unseen horror
  4194 | D:12     | 4thArraOfDagon: hmm
  4194 | D:12     | 4thArraOfDagon: its auto cleaving
  4194 | D:12     | 4thArraOfDagon: right?
  4194 | D:12     | Sapher: yea
  4194 | D:12     | Sapher: well, almost
  4194 | D:12     | 4thArraOfDagon: so
  4194 | D:12     | 4thArraOfDagon: one want to get dark maul
  4194 | D:12     | Sapher: you only attack those who are next to you before and after the move
  4194 | D:12     | 4thArraOfDagon: hmm
  4194 | D:12     | Sapher: nope...dark maul costs a lot of auts to swing
  4224 | D:12     | Sapher: so you will sometimes miss turns if you move around
  4229 | D:12     | Sapher: and not attack
  4248 | D:12     | Found a glowing silver altar of Zin.
  4262 | D:11     | Sapher: you move around but not attack
  4276 | D:11     | Sapher: because it is the same as tabbing
  4333 | D:12     | Sapher: and 10auts are not anugh to tab with that mace
  4360 | D:12     | Reached ***** piety under Wu Jian
  4437 | D:12     | Sapher: with that slow weapon it would be better to just tab
  4503 | D:12     | Gained mutation: Your thick and shaggy fur keeps you warm. (AC +3, rC+) [Felid growth]
  4503 | D:12     | Reached XP level 12. HP: 42/56 MP: 13/13
  4708 | D:11     | Noticed a deep troll earth mage
  4716 | D:11     | 4thArraOfDagon: so what would be best
  4716 | D:11     | 4thArraOfDagon: 27uc minotaur?
  4728 | D:11     | Sapher: unarmed for sure, yea
  4728 | D:11     | Mangled by a deep troll earth mage
  4729 | D:11     | Reached XP level 11. HP: -6/78 MP: 21/21
  4741 | D:11     | Sapher: but why mino
  4742 | D:11     | Killed a deep troll earth mage
  4763 | D:11     | Got a transparent platinum ring
  4766 | D:11     | Sapher: troll has claws
  4768 | D:11     | Identified the ring of Midwinter {Ice MR+ Str+4} (You took it off a crimson imp on level 11 of the Dungeon)
  4816 | D:11     | Sapher: or VS has a bite
  4835 | D:11     | Noticed a wizard
  4847 | D:11     | Killed a wizard
  4891 | D:11     | Noticed a cyan ugly thing
  4908 | D:11     | Sapher: or Gr has rtorment and AC...
  4959 | D:11     | Killed a cyan ugly thing
  4982 | D:11     | Noticed a deep troll
  4982 | D:11     | an elephant changed into a deep troll
  4989 | D:11     | Noticed a shining eye
  4990 | D:11     | Killed a shining eye
  5046 | D:11     | 4thArraOfDagon: +2uc
  5046 | D:11     | 4thArraOfDagon: and extra headbut
  5072 | D:11     | Noticed a two-headed ogre
  5074 | D:11     | Noticed a frost giant
  5075 | D:11     | Killed a two-headed ogre
  5180 | D:12     | Found a staircase to the Orcish Mines.
  5186 | D:12     | Found a roughly hewn altar of Beogh.
  5216 | Orc:1    | Entered Level 1 of the Orcish Mines
  5216 | Orc:1    | Found a roughly hewn altar of Beogh.
  5326 | Orc:2    | Entered Level 2 of the Orcish Mines
  5344 | Orc:2    | Found a staircase to the Elven Halls.
  5359 | Orc:2    | Reached ****** piety under Wu Jian
  5619 | Orc:2    | Found Donakefra's General Store.
  5648 | Orc:2    | Noticed an orc knight
  5810 | Orc:1    | Sapher: mino has +1UC by the way..
  5865 | Orc:1    | Killed an orc knight
  5939 | Orc:1    | Found a roughly hewn altar of Beogh.
  6016 | Orc:2    | Bought a scroll of identify for 26 gold pieces
  6029 | Orc:2    | Found Ganunoup's Distillery.
  6029 | Orc:2    | Found Dosol's Book Shoppe.
  6029 | Orc:2    | Found Awkecet's Food Emporium.
  6033 | Orc:2    | Reached XP level 12. HP: 32/57 MP: 13/13
  6047 | Orc:2    | Found Zurphua's Jewellery Shop.
  6049 | Orc:2    | Noticed a two-headed ogre
  6055 | Orc:2    | Killed a two-headed ogre
  6091 | Orc:2    | Bought a book of the Earth for 975 gold pieces
  6098 | Orc:2    | Learned a level 6 spell: Statue Form
  6098 | Orc:2    | 4thArraOfDagon: well
  6098 | Orc:2    | 4thArraOfDagon: I have nopt much choice
  6098 | Orc:2    | Sapher: yea
  6098 | Orc:2    | 4thArraOfDagon: but i would go dragon form
  6101 | Orc:2    | Bought a potion of heal wounds for 80 gold pieces
  6101 | Orc:2    | Bought 2 potions of might for 128 gold pieces
  6131 | Orc:2    | Sapher: but at 27UC in statue form if you move around you will have 1 free attack not 2...
  6132 | Orc:2    | Sapher: so better to just tab vs strong enemies
  6242 | D:9      | Reached skill level 1 in Transmutations
  6469 | D:9      | Found a staircase to the Lair.
  6474 | Lair:1   | Entered Level 1 of the Lair of Beasts
  6476 | Lair:1   | Reached skill level 1 in Earth Magic
  6482 | Lair:1   | Found a labyrinth entrance.
  6501 | Lab      | Entered a labyrinth
  6769 | Lab      | Turgon: Hi
  7007 | Lab      | 4thArraOfDagon: hi
  7566 | Lab      | Noticed a minotaur
  7612 | Lab      | Killed a minotaur
  7612 | Lab      | Reached skill level 1 in Spellcasting
  8148 | Lair:4   | Noticed a five-headed hydra
  8154 | Lair:4   | Killed a five-headed hydra
  8250 | Lair:4   | Noticed a seven-headed hydra
  8256 | Lair:4   | Killed a seven-headed hydra
  8387 | Lair:5   | Reached XP level 13. HP: 60/60 MP: 16/16
  8446 | Lair:5   | Reached skill level 5 in Transmutations
  8474 | Lair:6   | Entered Level 6 of the Lair of Beasts
  8533 | Lair:6   | Found a viscous altar of Jiyva.
  8533 | Lair:6   | Found a staircase to the Slime Pits.
  8661 | Lair:6   | Reached skill level 5 in Earth Magic
  8746 | Lair:6   | Found a burning altar of Makhleb.
  8857 | Lair:6   | HP: 2/60 [hell beast (16)]
  9006 | Lair:6   | Found a gateway to Hell.
  9390 | Lair:5   | Noticed Nessos
  9402 | Lair:5   | Killed Nessos
  9626 | Lair:6   | Demolished by a spiny frog
  9627 | Lair:6   | Reached XP level 12. HP: -14/57 MP: 27/27
  9741 | Lair:5   | Reached skill level 5 in Spellcasting
  9858 | Lair:3   | Noticed a six-headed hydra
  9897 | Lair:2   | Noticed Fannar
  9915 | Lair:2   | Killed Fannar
  9915 | Lair:2   | Reached XP level 13. HP: 47/60 MP: 19/19
  9934 | Lair:2   | Found a hole to the Spider Nest.
  9998 | Lair:2   | Learned a level 5 spell: Blade Hands
 10129 | Lair:2   | Found a staircase to the Swamp.
 10153 | Swamp:1  | Entered Level 1 of the Swamp
 10557 | Elf:1    | Entered Level 1 of the Elven Halls
 11007 | Elf:2    | Found a portal to a secret trove of treasure.
 11052 | Elf:2    | Noticed a deep elf death mage
 11061 | Elf:2    | Killed a deep elf death mage
 11079 | Elf:2    | Reached skill level 10 in Transmutations
 11299 | Elf:2    | Found a huge runed gate.
 11299 | Elf:2    | Found a huge runed gate.
 11299 | Elf:2    | Found a huge runed gate.
 11300 | Elf:2    | Found a huge runed gate.
 11300 | Elf:2    | Found a huge runed gate.
 11302 | Elf:2    | Reached XP level 14. HP: 64/64 MP: 23/23
 11442 | Elf:3    | Entered Level 3 of the Elven Halls
 11478 | Elf:3    | Found Weunla's Magic Scroll Shop.
 11480 | Elf:3    | Found Waimafamm's Gadget Boutique.
 11490 | Elf:3    | Bought a scroll of fog for 26 gold pieces
 11490 | Elf:3    | Bought a scroll of identify for 26 gold pieces
 11490 | Elf:3    | Bought a scroll of teleportation for 39 gold pieces
 11524 | Elf:3    | Gained mutation: You have a pair of small horns on your head. [mutagenic glow]
 11531 | Elf:3    | Slain by a war axe of pain
 11532 | Elf:3    | Reached XP level 13. HP: -5/60 MP: 29/32
 11569 | Elf:3    | Noticed a deep elf demonologist
 11579 | Elf:3    | Killed a deep elf demonologist
 11584 | Elf:3    | Noticed a deep elf demonologist
 11589 | Elf:3    | Killed a deep elf demonologist
 11597 | Elf:3    | Noticed a deep elf death mage
 11603 | Elf:3    | Killed a deep elf death mage
 11613 | Elf:3    | Noticed a deep elf sorcerer
 11617 | Elf:3    | Killed a deep elf sorcerer
 11623 | Elf:3    | Noticed a deep elf blademaster
 11633 | Elf:3    | Noticed a deep elf annihilator
 11638 | Elf:3    | HP: 3/60 [deep elf blademaster/rapier (20)]
 11640 | Elf:3    | Demolished by a deep elf blademaster
 11641 | Elf:3    | Reached XP level 12. HP: -19/57 MP: 32/32
 11645 | Elf:3    | Noticed a deep elf annihilator
 11655 | Elf:3    | Killed a deep elf annihilator
 11663 | Elf:3    | Noticed a deep elf demonologist
 11671 | Elf:3    | Noticed a Tzitzimitl
 11671 | Elf:3    | Killed a deep elf demonologist
 11688 | Elf:3    | Killed a deep elf death mage
 11735 | Elf:3    | Reached skill level 10 in Spellcasting
 11737 | Elf:3    | Killed from afar by a deep elf mage

Vault maps used:
D:1:      evilmike_arrival_hilbert_curve
D:2:      nemelex_altar_shiori, uniq_jessica
D:3:      nicolae_dithmenos_through_a_glass_darkly
D:5:      temple_doors_e, first_bread, serial_shops, nicolae_shop_crystal
D:6:      kennysheep_mini, portal_sewer_entry_d, minmay_misc_feat_diagonals
D:7:      gammafunk_temple_overflow_claw
D:8:      overflow_temple_1_default, uniq_grum
D:9:      lair_entry_dummy
D:10:     minivault_4
D:11:     minmay_chopped_fan, uniq_urug
D:12:     minmay_orc_entry_temple_small, basic_altar, the_bakery
D:13:     regret_index_harrowing_hell_hive
D:14:     erik_vaults_2, fountainhead, grunt_ministairs_11, minmay_checkerbox,
          uniq_snorg, uniq_azrael
D:15:     grunt_enter_depths_snipers, serial_park_tiny_1
Lair:1:   portal_ice_cave_entry_imps, lab_entry_generic,
          nicolae_quartered_pool_super, serial_bayou_pond_b,
          gammafunk_lair_bear_cave, serial_bayou_shore_a, uniq_sonja
Lair:2:   beast_lair_carwin_large_2, minmay_swamp_entry_swarm,
          spider_nest_entry_rubble, uniq_fannar
Lair:4:   uniq_kirke
Lair:5:   st_stairs_8, infiniplex_staircase_pool_2, grunt_megastairs_2,
          uniq_nessos
Lair:6:   evil_forest, dpeg_slime_entry_enclosed_altar, minivault_23,
          minmay_lair_oklob_bushes, kennysheep_basilisk_garden,
          grunt_megastairs_5
Swamp:1:  basic_altar
Orc:1:    basic_altar, nicolae_orc_damp_corner, hangedman_feature_mirror
Orc:2:    st_orc_rangers, serial_shops, shop
Elf:1:    minmay_elf_arrival_summoners, minivault_28
Elf:2:    enter_trove_1
Elf:3:    elf_hall, serial_shops, nicolae_shop_stone, minmay_shoptagon
Lab:      nicolae_lab_starburst, lab_block
Sewer:    sewer_minmay_treatment

Skill      XL: |  1  2  3  4  5  6  7  8  9 10 11 12 13 14 |
---------------+-------------------------------------------+-----
Dodging        | 3 4 6 7 8 9 10 11 13 14 | 14.1
Stealth        | 2 3 4 7 8 10 13 | 13.6
Evocations     | 2 3 |  3.1
Unarmed Combat | 6 8 9 11 13 14 | 14.0
Fighting       | 4 5 7 9 |  9.4
Transmutations | 4 10 | 10.3
Earth Magic    | 7 9 |  9.0
Spellcasting   | 10 9 8 | 10.0

Action                   |  1- 3 |  4- 6 |  7- 9 | 10-12 | 13-15 || total
-------------------------+-------+-------+-------+-------+-------++-------
Melee: Unarmed           |    53 |    59 |   221 |   982 |   495 ||  1810
       Bite              |     5 |    10 |    23 |    87 |    52 ||   177
       Punch             |       |     2 |     6 |    58 |    27 ||    93
       Headbutt          |       |       |       |     2 |     2 ||     4
 Cast: Statue Form       |       |       |       |     2 |     8 ||    10
Invok: Heaven On Earth   |       |       |       |       |     1 ||     1
 Abil: Evoke Berserk Rag |       |     5 |     6 |     3 |       ||    14
Evoke: Wand              |       |       |    10 |    32 |    14 ||    56
       Lamp of fire      |       |       |     1 |     2 |     2 ||     5
       Phial of floods   |       |       |       |     1 |     2 ||     3
       Box of beasts     |       |       |       |     1 |     1 ||     2
       Lightning rod     |       |       |       |       |     4 ||     4
  Use: Potion            |     3 |       |     3 |    11 |    19 ||    36
       Scroll            |     1 |     9 |     5 |    14 |    11 ||    40
 Stab: Sleeping          |     8 |     3 |    14 |    50 |    36 ||   111
       Invisible         |       |       |       |    19 |       ||    19
       Confused          |       |       |       |     2 |       ||     2
       Distracted        |       |       |       |     1 |     3 ||     4
  Eat: Chunk             |     6 |     4 |    10 |    25 |    14 ||    59
Armor: Skin              |    24 |     2 |    14 |    29 |    42 ||   111
Dodge: Dodged            |    30 |    41 |   164 |   711 |   410 ||  1356
Block: Other             |       |       |     4 |     4 |       ||     8
